 Dungeon Crawl Stone Soup version 0.28-a0-1387-g3a22ab9bdc (webtiles) character file.

Game seed: 9562039373751970711

311874 Armakuni the Caregiver (level 22, -10/176 HPs)
             Began as a Human Fighter on Jan 1, 2022.
             Was a Believer of Elyvilon.
             Killed from afar by a titan (16 damage)
             ... with a bolt of lightning
             ... on level 4 of the Vaults on Jan 2, 2022.
             The game lasted 02:01:47 (51519 turns).

Armakuni the Caregiver (Human Fighter)             Turns: 51519, Time: 02:01:47

Health: -10/176    AC: 39    Str: 27    XL:     22   Next: 23%
Magic:  33/36      EV: 15    Int: 25    God:    Elyvilon [**....]
Gold:   138        SH:  5    Dex: 14    Spells: 24/41 levels left

rFire   . . .      SeeInvis +   a - +8 autumn katana {vorpal, manifold assault}
rCold   + + .      Faith    +   H - +0 buckler {AC+3}
rNeg    . . .      Spirit   .   z - +8 ice dragon scales
rPois   +          Reflect  .   x - +2 helmet
rElec   .          Harm     .   t - +1 cloak
rCorr   .          Rampage  .   Y - +0 pair of gloves "Loqopt" {rC- Str+5 Int+6}
Will    +....                   q - +2 pair of boots
Stlth   ..........              U - amulet of faith
HPRegen 0.39/turn               F - ring "Fuciump" {Wiz rPois rF+}
MPRegen 0.25/turn               I - ring "Rofu" {*Slow rC+ Int+6 SInv}

@: studying 2 skills
A: no striking features
}: 2/15 runes: decaying, gossamer
a: Renounce Religion, Purification, Heal Other


You were on level 4 of the Vaults.
You worshipped Elyvilon.
Elyvilon was pleased with you.
You visited 9 branches of the dungeon, and saw 38 of its levels.
You visited 1 bazaar.
You also visited: Bailey.

You collected 3143 gold pieces.
You spent 3005 gold pieces at shops.

Inventory:

Hand Weapons
 a - the +8 autumn katana (weapon) {vorpal, manifold assault}
   (You acquired it on level 11 of the Dungeon)

   It sometimes launches melee attacks against multiple visible enemies.
 b - the +8 double sword of Lubb {freeze, Will+}
   (You acquired it on level 6 of the Lair of Beasts)

   It freezes those it strikes, dealing additional cold damage.
   It can also slow down cold-blooded creatures.
   Will:      It increases your willpower.
Missiles
 c - 6 silver boomerangs
 u - 2 throwing nets
 w - 3 javelins
 S - 22 boomerangs (quivered)
 T - 7 curare-tipped darts
Armour
 q - a +2 pair of boots (worn)
 t - a +1 cloak (worn)
 x - a +2 helmet (worn)
 z - +8 ice dragon scales (worn)
 H - a +0 buckler of protection (worn)
 Y - the +0 pair of gloves "Loqopt" (worn) {rC- Str+5 Int+6}
   (You bought it in a shop on level 2 of the Orcish Mines)

   Str:       It affects your strength (+5).
   Int:       It affects your intelligence (+6).
   rC:        It makes you vulnerable to cold.
Jewellery
 F - the ring "Fuciump" (left hand) {Wiz rPois rF+}
   (You found it on level 1 of the Spider Nest)

   [ring of wizardry]

   It improves your spell success rate.
   rF:        It protects you from fire.
   rPois:     It protects you from poison.
 I - the ring "Rofu" (right hand) {*Slow rC+ Int+6 SInv}
   (You found it on level 2 of the Swamp)

   [ring of intelligence]

   Int:       It affects your intelligence (+6).
   rC:        It protects you from cold.
   SInv:      It lets you see invisible.
   *Slow:     It may slow you when you take damage.
 U - an amulet of faith (around neck)
 X - the amulet of Wuuxoc Turph {Spirit rPois rC+ Dex+5}
   (You found it on level 2 of the Swamp)

   [amulet of guardian spirit]

   It causes incoming damage to be divided between your reserves of health and
   magic.
   Dex:       It affects your dexterity (+5).
   rC:        It protects you from cold.
   rPois:     It protects you from poison.
Wands
 k - a wand of digging (16)
 m - a wand of iceblast (11)
 p - a wand of polymorph (5)
 v - a wand of flame (61)
 D - a wand of acid (5)
 N - a wand of paralysis (10)
Scrolls
 e - 14 scrolls of identify
 n - 4 scrolls of vulnerability
 y - 2 scrolls of blinking
 B - 5 scrolls of fear
 C - 2 scrolls of immolation
 E - a scroll of magic mapping
 G - 3 scrolls of amnesia
 P - 3 scrolls of fog
 R - 11 scrolls of teleportation
 W - a scroll of noise
Potions
 d - 4 potions of magic
 f - 5 potions of mutation
 g - a potion of heal wounds
 h - 5 potions of brilliance
 i - 14 potions of curing
 j - 6 potions of ambrosia
 l - 6 potions of flight
 o - 6 potions of haste
 r - 11 potions of lignification
 s - 9 potions of cancellation
 M - a potion of berserk rage
 O - 4 potions of might
 Q - a potion of invisibility
Miscellaneous
 K - a tin of tremorstones (2/2)


   Skills:
 + Level 15.4 Fighting
 - Level 16.0 Long Blades
 - Level 12.2 Throwing
 - Level 18.4 Armour
 - Level 10.4 Dodging
 - Level 4.0 Shields
 - Level 10.0 Spellcasting
 - Level 13.6 Transmutations
 - Level 4.0 Poison Magic
 - Level 20.0 Invocations
 - Level 5.0 Evocations


You had 24 spell levels left.
You knew the following spells:

 Your Spells              Type           Power      Damage    Failure   Level
i - Alistair's Intoxicat  Tmut/Pois      36%        N/A       2%          5
m - Iskenderun's Mystic   Conj/Tloc      12%        2d5       32%         4
p - Passwall              Tmut/Erth      38%        N/A       1%          2
w - Wereblood             Tmut           69%        N/A       1%          2
z - Apportation           Tloc           24%        N/A       3%          1
P - Portal Projectile     Hex/Tloc       24%        N/A       11%         3

Your spell library contained the following spells:

 Spells                   Type           Power      Damage    Failure   Level
 Sting                    Tmut/Pois      100%       1d8       1%          1
 Spider Form              Tmut/Pois      54%        N/A       1%          3
 Blade Hands              Tmut           34%        N/A       1%          5
 Poisonous Vapours        Pois/Air       44%        N/A       2%          2
 Ice Form                 Ice/Tmut       46%        N/A       2%          4
 Animate Skeleton         Necr           24%        N/A       3%          1
 Foxfire                  Conj/Fire      48%        2x1d6     3%          1
 Freeze                   Ice            48%        1d7       3%          1
 Magic Dart               Conj           48%        1d5       3%          1
 Sandblast                Erth           24%        2d8       3%          1
 Summon Small Mammal      Summ           48%        N/A       3%          1
 Ensorcelled Hibernation  Hex/Ice        24%        N/A       6%          2
 Scorch                   Fire           24%        2d6       6%          2
 Searing Ray              Conj           24%        2d5       6%          2
 Static Discharge         Conj/Air       12%        N/A       6%          2
 Sublimation of Blood     Necr           12%        N/A       6%          2
 Irradiate                Conj/Tmut      23%        3d21      6%          5
 Olgreb's Toxic Radiance  Pois           32%        N/A       7%          4
 Call Canine Familiar     Summ           12%        N/A       11%         3
 Conjure Flame            Conj/Fire      12%        6-21      11%         3
 Dazzling Flash           Conj/Hex       24%        N/A       11%         3
 Frozen Ramparts          Ice            24%        1d4       11%         3
 Gell's Gravitas          Tloc           12%        N/A       11%         3
 Inner Flame              Hex/Fire       12%        N/A       11%         3
 Ozocubu's Armour         Ice            12%        N/A       11%         3
 Stone Arrow              Conj/Erth      24%        3d8       11%         3
 Summon Guardian Golem    Hex/Summ       12%        N/A       11%         3
 Teleport Other           Tloc           12%        N/A       11%         3
 Tukima's Dance           Hex            12%        N/A       11%         3
 Dragon Form              Tmut           34%        N/A       12%         7
 Airstrike                Air            6%         N/A       32%         4
 Animate Dead             Necr           6%         N/A       32%         4
 Dispel Undead            Necr           12%        3d9       32%         4
 Flame Wave               Conj/Fire      12%        2d5       32%         4
 Fulminant Prism          Conj/Hex       6%         3d7       32%         4
 Hailstorm                Conj/Ice       12%        3d5       32%         4
 Sticky Flame             Conj/Fire      12%        2d4       32%         4
 Summon Ice Beast         Ice/Summ       12%        N/A       32%         4
 Summon Lightning Spire   Summ/Air       12%        N/A       32%         4
 Excruciating Wounds      Necr           6%         N/A       65%         5
 Fireball                 Conj/Fire      6%         3d5       65%         5
 Iskenderun's Battlesphe  Conj           12%        2d7       65%         5
 Lee's Rapid Deconstruct  Erth           6%         3d7*      65%         5
 Lightning Bolt           Conj/Air       6%         1d18      65%         5
 Metabolic Englaciation   Hex/Ice        6%         N/A       65%         5
 Summon Forest            Summ/Tloc      6%         N/A       65%         5
 Summon Mana Viper        Hex/Summ       12%        N/A       65%         5
 Conjure Ball Lightning   Conj/Air       6%         3x3d6     99%         6
 Dispersal                Tloc           6%         N/A       99%         6
 Iron Shot                Conj/Erth      6%         9d2       99%         6
 Simulacrum               Ice/Necr       6%         N/A       99%         6
 Starburst                Conj/Fire      6%         6d4       99%         6
 Summon Cactus Giant      Summ           6%         N/A       99%         6
 Enfeeble                 Hex            6%         N/A       100%        7
 Orb of Destruction       Conj           6%         9d3       100%        7
 Spellforged Servitor     Conj/Summ      6%         N/A       100%        7
 Summon Hydra             Summ           6%         N/A       100%        7
 Summon Horrible Things   Summ           6%         N/A       100%        8


Dungeon Overview and Level Annotations

Branches:
Dungeon (15/15)            Temple (1/1) D:4            Lair (6/6) D:11
  Swamp (4/4) Lair:2       Spider (4/4) Lair:2        Slime (0/5) Lair:5
    Orc (2/2) D:9             Elf (1/3) Orc:2        Vaults (4/5) D:14
  Crypt (0/3) Vaults:3     Depths (1/4) D:15         Bailey (visited)

Altars:
Ashenzari
Cheibriados
Dithmenos
Elyvilon
Fedhas
Gozag
Hepliaklqana
Kikubaaqudgha
Makhleb
Nemelex Xobeh
Okawaru
Qazlal
Ru
Sif Muna
Trog
Uskayaw
Vehumet
Wu Jian
Xom
Yredelemnul
Zin
The Shining One
Jiyva

Shops:
D:11 *   Orc:1 *   Orc:2 ([[:[   Elf:1 [[(   Vaults:3 ?*(

Portals:
Trove: Elf:1 (give +3 storm dragon scales)

Annotations:
D:3 exclusion: oklob plant
D:11 3 runed translucent doors, exclusion: ice statue
Lair:2 2 transporters
Depths:1 Bai Suzhen


Message History

You feel much better.
Electricity crackles from the ironbound thunderhulk's apparatus.
The bolt of lightning hits you!!
The vault warden hits you but does no damage.
You slash the vault warden!
You kill the vault warden!
You completely miss the titan.
The titan is lightly wounded.
Strange energies crackle from the ironbound thunderhulk's apparatus.
The ironbound thunderhulk blinks!
The titan closely misses you.
You slash the titan!
The titan is lightly wounded.
You slash the titan!
The titan is moderately wounded.
The titan misses you.
Electricity crackles from the ironbound thunderhulk's apparatus.
The bolt of lightning hits you!!
* * * LOW HITPOINT WARNING * * *
Your ice dragon scales prevents you from hitting the titan.
The titan is moderately wounded.
The titan casts a spell at you. The bolt of lightning hits you!!
* * * LOW HITPOINT WARNING * * *
You hear a roar!
You hit the titan.
You slice through the folds of space itself!
You slice the ironbound thunderhulk!!
You kill the ironbound thunderhulk!
The titan is moderately wounded.
The titan hits you.
* * * LOW HITPOINT WARNING * * *
You slice the titan!!
The titan is heavily wounded.
The titan hits you but does no damage.
You slash the titan!
The titan is heavily wounded.
You feel yourself speed up.
The titan points at you and mumbles some strange words.
The bolt of lightning hits you!
You die...

.#.#.#.#.#.#
#......#
#.#.#.#.#.##
#......#
#.#.#.#.#.#
#......######
#.#)#.#..#
#......#.....
#.#O#.#.#.#
#.>[...#.[...
.#.#.#.#.##
#......).....
.#.#.#.#.#
#......#....[
#.#.#.#C##
#......'.....
.#...#.#@#
########.....
###C#9###
###### #....
##...# ##+##
... ... ...


You could see a titan.

Vanquished Creatures
  A tentacled monstrosity (Vaults:3)
  Asterion (Spider:1)
  A thorn hunter (Swamp:1)
  5 sphinxes
  A tengu reaver (Vaults:3)
  An azure jelly (Swamp:4)
  13 emperor scorpions
  A fenstrider witch (Swamp:2)
  A deep elf sorcerer (Elf:1)
  2 ghost moths
  11 vault wardens
  18 ironbound preservers
  9 very ugly things
  A stone giant (Depths:1)
  4 ironbound thunderhulks
  5 eleionomae
  3 broodmothers
  A spark wasp (Spider:1)
  5 bunyips
  5 entropy weavers
  4 dire elephants
  A crystal guardian (Vaults:3)
  An ettin (Depths:1)
  Snorg (D:13)
  A great orb of eyes (Vaults:1)
  8 yaktaur captains
  5 vault guards
  3 ice dragons
  4 hydras
  A peacekeeper (Vaults:3)
  7 boulder beetles
  Harold (Lair:2)
  An ogre mage (D:14)
  4 catoblepae
  3 centaur warriors
  8 ghost crabs
  8 ironbound frosthearts
  2 jorogumos
  12 alligators
  A radroach (Spider:2)
  A death knight (D:15)
  12 death yaks
  3 dancing weapons (Elf:1)
  2 tengu warriors (D:14)
  A death scarab (Spider:2)
  8 two-headed ogres
  3 orc high priests (Orc:2)
  2 spriggan berserkers (Depths:1)
  Sonja (Lair:6)
  5 pharaoh ants
  8 goliath frogs
  10 skeletal warriors
  2 sun moths
  52 deep trolls
  4 steelbarb worms
  A glowing orange brain (Vaults:2)
  A swamp dragon (Swamp:2)
  5 spriggan druids
  14 orb spiders
  2 harpies
  14 ironbound convokers
  3 bog bodies
  9 wizards
  A deep elf archer (Elf:1)
  7 orc knights
  27 wolf spiders
  7 deep elf zephyrmancers (Elf:1)
  A harpy (shapeshifter) (D:15)
  12 lindwurms
  A salamander (D:15)
  3 orc sorcerers
  7 deep elf pyromancers
  27 ugly things
  3 cyclopes (D:15)
  A will-o-the-wisp (Swamp:1)
  3 manticores
  A moth of wrath (Spider:4)
  An eye of devastation (Spider:3)
  5 torpor snails
  12 elephants
  3 apocalypse crabs (Swamp:2)
  22 vault sentinels
  A water nymph (shapeshifter) (Vaults:2)
  A rust devil (D:10)
  Maurice (D:8)
  10 cane toads
  3 black mambas
  Joseph (D:7)
  4 kobold demonologists
  2 demonic crawlers
  An unseen horror (D:11)
  A komodo dragon (shapeshifter) (D:14)
  30 yaktaurs
  4 komodo dragons
  6 freezing wraiths
  2 rime drakes
  A queen bee (shapeshifter) (Vaults:3)
  6 trolls
  2 polar bears (Lair:6)
  15 meliai
  A troll (shapeshifter) (D:13)
  6 tyrant leeches
  31 tarantellas
  18 blink frogs
  19 slime creatures
  Grinder (D:5)
  7 hornets
  A meliai zombie (D:11)
  15 dream sheep
  A centaur simulacrum (D:14)
  24 jumping spiders
  7 spriggans
  An air elemental (Elf:1)
  3 shadows
  8 wyverns
  3 wraiths
  73 yaks
  3 vampires
  18 culicivoras
  A human (D:10)
  A spriggan (shapeshifter) (D:15)
  4 water elementals
  5 basilisks
  82 redbacks
  4 swamp worm simulacra (Swamp:4)
  2 hogs (D:10)
  Eustachio (D:5)
  Menkaure (D:4)
  A vampire mosquito (D:8)
  Edmund (D:5)
  2 wargs
  21 swamp worms
  An acid dragon (D:10)
  20 water moccasins
  18 hydra simulacra (Swamp:4)
  2 swamp drakes
  3 ice beasts
  2 black bears
  A sky beast (D:8)
  44 orc warriors
  2 necrophages
  5 ogres
  A boggart (Elf:1)
  6 centaurs
  4 wolves (Lair:6)
  3 kobold brigands
  8 bullfrogs
  A wyvern zombie (D:7)
  A two-headed ogre simulacrum (D:13)
  An earth elemental (Elf:1)
  A gnoll sergeant (D:7)
  2 scorpions
  3 killer bees (D:10)
  15 wights
  2 howler monkeys
  5 electric eels
  3 centaur zombies
  A bullfrog zombie (D:5)
  3 jellies
  4 hounds (D:5)
  3 centaur skeletons (D:7)
  A bullfrog skeleton (D:5)
  A gnoll shaman (D:6)
  36 orc priests
  3 iguanas
  11 orc wizards
  2 spriggan simulacra (D:13)
  2 troll simulacra (D:13)
  A killer bee zombie (D:8)
  A wolf simulacrum (D:13)
  A hound skeleton (D:4)
  10 gnolls
  7 adders
  2 naga simulacra (D:13)
  4 white imps
  A swamp drake simulacrum (Swamp:4)
  3 worms
  2 dart slugs
  76 orcs
  5 bats
  6 endoplasms
  8 giant cockroaches
  7 goblins
  7 hobgoblins
  12 kobolds
  5 quokkas
  7 ball pythons
  A goblin zombie (D:7)
  A quokka zombie (D:7)
  6 rats
1323 creatures vanquished.

Vanquished Creatures (collateral kills)
  A jorogumo (Spider:1)
  2 wolf spiders (Spider:4)
  A demonic crawler (Spider:1)
  A culicivora (Spider:1)
5 creatures vanquished.

Vanquished Creatures (others)
  An emperor scorpion (Spider:4)
  A hydra (Lair:6)
  An alligator (Swamp:3)
  A wolf spider (Spider:4)
  A moth of wrath (Spider:4)
  A bloated husk (Swamp:1)
  2 jumping spiders
  A yak (Lair:6)
  A swamp worm simulacrum (Swamp:4)
  3 redbacks
  A swamp worm (Swamp:3)
  An orc warrior (Bailey)
  A bullfrog (Lair:1)
  2 swamp drake simulacra (Swamp:4)
  2 orcs
  4 foxfires (Swamp:1)
  40 fungi
  41 plants
  15 toadstools (D:3)
120 creatures vanquished.

Grand Total: 1448 creatures vanquished

Notes
Turn   | Place    | Note
-------+----------+-------------------------------------------
     0 | D:1      | Armakuni the Human Fighter began the quest for the Orb.
     0 | D:1      | Reached XP level 1. HP: 18/18 MP: 1/1
     6 | D:1      | Noticed an electric eel
   156 | D:1      | Reached XP level 2. HP: 11/24 MP: 2/2
   783 | D:2      | Reached XP level 3. HP: 29/29 MP: 3/3
  1140 | D:4      | Noticed Menkaure
  1151 | D:4      | Killed Menkaure
  1152 | D:4      | Reached XP level 4. HP: 20/38 MP: 4/4
  1152 | D:4      | Reached XP level 5. HP: 23/43 MP: 5/5
  1411 | D:4      | Reached XP level 6. HP: 41/50 MP: 6/6
  1477 | D:4      | Found a staircase to the Ecumenical Temple.
  1483 | Temple   | Entered the Ecumenical Temple
  1499 | Temple   | Became a worshipper of Elyvilon the Healer
  1904 | D:2      | Found a faded altar of an unknown god.
  1913 | D:2      | Found an ancient bone altar of Kikubaaqudgha.
  1996 | D:2      | Reached skill level 5 in Fighting
  2071 | D:2      | Reached * piety under Elyvilon
  2756 | D:3      | Found a blossoming altar of Fedhas.
  2767 | D:3      | Reached ** piety under Elyvilon
  2768 | D:3      | Noticed an oklob plant
  3219 | D:4      | Found a glowing golden altar of the Shining One.
  3303 | D:4      | Reached skill level 1 in Invocations
  3369 | D:5      | Entered Level 5 of the Dungeon
  3397 | D:5      | Found a hazy altar of Hepliaklqana.
  3784 | D:5      | Reached XP level 7. HP: 56/56 MP: 8/8
  3793 | D:5      | Noticed Edmund
  3822 | D:5      | Killed Edmund
  3823 | D:5      | Reached skill level 5 in Long Blades
  3823 | D:5      | Reached skill level 2 in Invocations
  3955 | D:5      | Reached *** piety under Elyvilon
  4003 | D:5      | Noticed Eustachio
  4010 | D:5      | Killed Eustachio
  4011 | D:5      | Reached skill level 3 in Invocations
  4101 | D:5      | Noticed Grinder
  4107 | D:5      | Reached XP level 8. HP: 61/64 MP: 10/10
  4118 | D:5      | Killed Grinder
  4119 | D:5      | Reached skill level 4 in Invocations
  4292 | D:5      | Found a sacrificial altar of Ru.
  4590 | D:6      | Found a bloodstained altar of Trog.
  4906 | D:6      | Reached **** piety under Elyvilon
  5045 | D:6      | Reached skill level 5 in Invocations
  5061 | D:6      | Reached XP level 9. HP: 72/72 MP: 12/12
  5465 | D:7      | Found a flagged portal.
  5487 | Bailey   | Entered a bailey
  5933 | Bailey   | Reached skill level 6 in Invocations
  6131 | Bailey   | Identified the +10 arbalest of Dishonesty {penet, rF+++
                  | Str-2 SInv Stlth+}
  6133 | Bailey   | Noticed an orc knight
  6147 | Bailey   | Killed an orc knight
  6459 | D:7      | Reached skill level 7 in Invocations
  6545 | D:7      | Identified the amulet "Wyjof" {RegenMP rN+}
  6593 | D:7      | Noticed Joseph
  6613 | D:7      | Killed Joseph
  6614 | D:7      | Reached XP level 10. HP: 61/80 MP: 12/15
  6830 | D:7      | Reached skill level 8 in Invocations
  7065 | D:8      | Noticed a two-headed ogre
  7065 | D:8      | Noticed a deep elf pyromancer
  7089 | D:8      | Killed a deep elf pyromancer
  7090 | D:8      | Reached skill level 9 in Invocations
  7135 | D:8      | Killed a two-headed ogre
  7136 | D:8      | Reached skill level 10 in Invocations
  7440 | D:8      | Learned a level 1 spell: Apportation
  7469 | D:8      | Reached XP level 11. HP: 86/86 MP: 18/18
  7514 | D:8      | Found a basalt altar of Yredelemnul.
  7543 | D:8      | Noticed Maurice
  7551 | D:8      | Killed Maurice
  7575 | D:8      | Noticed Psyche
  7577 | D:8      | Pacified Psyche
  7600 | D:8      | Reached skill level 10 in Long Blades
  7723 | D:8      | Found an ornate altar of the Wu Jian Council.
  8155 | D:9      | Found a staircase to the Orcish Mines.
  8163 | D:9      | Noticed a boulder beetle
  8164 | D:9      | Pacified a boulder beetle
  8368 | D:9      | Noticed a deep elf pyromancer
  8372 | D:9      | Killed a deep elf pyromancer
  8975 | D:10     | Entered Level 10 of the Dungeon
  8997 | D:10     | Noticed a red ugly thing
  9008 | D:10     | Killed a red ugly thing
  9018 | D:10     | Noticed a two-headed ogre
  9032 | D:10     | Killed a two-headed ogre
  9065 | D:10     | Found an ancient bone altar of Kikubaaqudgha.
  9193 | D:10     | Reached XP level 12. HP: 92/92 MP: 19/19
  9392 | D:10     | Found a burning altar of Makhleb.
  9610 | D:10     | Noticed an eight-headed hydra
  9621 | D:10     | Pacified a 12-headed hydra
  9983 | D:11     | Found Gekhluan's Elemental Accessories.
 10082 | D:11     | Noticed a two-headed ogre
 10093 | D:11     | Killed a two-headed ogre
 10094 | D:11     | Reached skill level 10 in Armour
 10111 | D:11     | Found a runed translucent door.
 10211 | D:11     | Found a runed translucent door.
 10485 | D:11     | Noticed a two-headed ogre
 10500 | D:11     | Killed a two-headed ogre
 10570 | D:11     | Noticed a two-headed ogre
 10580 | D:11     | Killed a two-headed ogre
 10621 | D:11     | Found a runed translucent door.
 10846 | D:11     | Found a staircase to the Lair.
 10932 | D:11     | Found a runed translucent door.
 11307 | D:11     | Identified a scroll of acquirement
 11307 | D:11     | Acquired the +8 autumn katana {vorpal, manifold assault}
 11307 | D:11     | Found the +8 autumn katana {vorpal, manifold assault}
 11329 | D:11     | Reached XP level 13. HP: 98/98 MP: 20/20
 11461 | D:12     | Noticed a boulder beetle
 11478 | D:12     | Killed a boulder beetle
 11553 | D:12     | Noticed an eight-headed hydra
 11555 | D:12     | Pacified an eight-headed hydra
 12081 | D:12     | Reached skill level 10 in Fighting
 12081 | D:12     | Upgraded the game from 0.28-a0-1382-g92835e5c71 to
                  | 0.28-a0-1387-g3a22ab9bdc
 12095 | D:12     | Found a runed translucent door.
 12102 | D:12     | Reached skill level 1 in Dodging
 12102 | D:12     | Noticed a yaktaur captain
 12102 | D:12     | Noticed a boulder beetle
 12116 | D:12     | Killed a yaktaur captain
 12116 | D:12     | Noticed a boulder beetle
 12120 | D:12     | Noticed a fire giant
 12125 | D:12     | Killed a boulder beetle
 12507 | Lair:1   | Entered Level 1 of the Lair of Beasts
 12516 | Lair:1   | Noticed a four-headed hydra
 12517 | Lair:1   | Pacified a four-headed hydra
 12617 | Lair:1   | Reached skill level 5 in Dodging
 13703 | Lair:2   | Reached skill level 1 in Evocations
 13885 | Lair:2   | Found a staircase to the Swamp.
 14015 | Lair:2   | Found a stormy altar of Qazlal.
 14046 | Lair:2   | Found a hole to the Spider Nest.
 14049 | Lair:2   | Found a transporter.
 14082 | Lair:2   | Noticed Harold
 14094 | Lair:2   | Killed Harold
 14095 | Lair:2   | Reached XP level 14. HP: 92/110 MP: 21/21
 14246 | Lair:2   | Found a transporter.
 15303 | Lair:3   | Reached skill level 5 in Evocations
 16196 | Lair:4   | Reached ***** piety under Elyvilon
 16966 | Lair:5   | Reached skill level 10 in Dodging
 17079 | Lair:5   | Reached skill level 11 in Invocations
 17502 | Lair:5   | Found a viscous altar of Jiyva.
 17502 | Lair:5   | Found a staircase to the Slime Pits.
 17744 | Lair:6   | Entered Level 6 of the Lair of Beasts
 17785 | Lair:6   | Reached XP level 15. HP: 95/119 MP: 23/23
 18223 | Lair:6   | Noticed Sonja
 18227 | Lair:6   | Killed Sonja
 18279 | Lair:6   | Found a shimmering altar of Xom.
 18312 | Lair:6   | Found the +3 giant club "Skullcrusher" {speed, Str+7}
 18455 | Lair:6   | Reached skill level 12 in Invocations
 19099 | Lair:6   | Reached skill level 13 in Invocations
 19410 | Lair:6   | Acquired the +8 double sword of Lubb {freeze, Will+}
 19876 | Orc:1    | Entered Level 1 of the Orcish Mines
 20223 | Orc:1    | Found Ttefext's Tempting Trifles.
 20232 | Orc:1    | Bought a manual of Throwing for 1200 gold pieces
 20366 | Orc:2    | Entered Level 2 of the Orcish Mines
 20386 | Orc:2    | Reached skill level 1 in Throwing
 20648 | Orc:2    | Found a staircase to the Elven Halls.
 20940 | Orc:2    | Found Vuly's Armour Emporium.
 20950 | Orc:2    | Bought the +0 pair of gloves "Loqopt" {rC- Str+5 Int+6} for
                  | 358 gold pieces
 21453 | Orc:2    | Reached skill level 5 in Throwing
 21545 | Orc:2    | Reached XP level 16. HP: 111/131 MP: 26/26
 21830 | Orc:2    | Found Ycauh's Antique Weapon Boutique.
 21833 | Orc:2    | Found Laf Gyadd's Armour Shop.
 21834 | Orc:2    | Found Zigywaz's Book Boutique.
 21835 | Orc:2    | Found Quskorph's Antique Armour Boutique.
 22297 | D:13     | Found an iron altar of Okawaru.
 22300 | D:13     | Noticed Snorg
 22349 | D:13     | Killed Snorg
 22507 | D:13     | Identified the +3 trident of Neurosis {venom, rElec Dex+4}
 22522 | D:13     | Learned a level 3 spell: Portal Projectile
 22527 | D:13     | Learned a level 4 spell: Iskenderun's Mystic Blast
 23107 | D:14     | Identified the +7 chain mail of Qumiq {rPois}
 23166 | D:14     | Reached skill level 15 in Long Blades
 23428 | D:14     | Found a gate to the Vaults.
 23857 | D:15     | Entered Level 15 of the Dungeon
 23894 | D:15     | Reached skill level 10 in Throwing
 25183 | D:15     | Found a staircase to the Depths.
 25361 | Depths:1 | Entered Level 1 of the Depths
 25730 | Depths:1 | Noticed Bai Suzhen
 26271 | Spider:1 | Entered Level 1 of the Spider Nest
 26452 | Spider:1 | Reached XP level 17. HP: 137/137 MP: 27/27
 26492 | Spider:1 | Noticed Asterion
 26528 | Spider:1 | Killed Asterion
 26529 | Spider:1 | Reached skill level 14 in Invocations
 27164 | Spider:1 | Identified the ring "Fuciump" {Wiz rPois rF+}
 27585 | Spider:2 | Reached skill level 15 in Invocations
 29114 | Spider:2 | Reached skill level 16 in Invocations
 30512 | Spider:2 | Reached skill level 15 in Armour
 31996 | Spider:2 | Reached XP level 18. HP: 85/143 MP: 30/30
 32478 | Spider:3 | Paralysed by a jorogumo for 2 turns
 32795 | Spider:3 | Reached skill level 17 in Invocations
 33640 | Spider:4 | Entered Level 4 of the Spider Nest
 35216 | Spider:4 | Reached skill level 18 in Invocations
 35575 | Spider:4 | Learned a level 2 spell: Wereblood
 36271 | Spider:4 | Got a gossamer rune of Zot
 36616 | Swamp:1  | Entered Level 1 of the Swamp
 36829 | Swamp:1  | Found a sacrificial altar of Ru.
 36856 | Swamp:1  | Reached XP level 19. HP: 140/149 MP: 32/32
 38370 | Swamp:2  | Reached skill level 19 in Invocations
 38976 | Swamp:2  | Identified the ring "Rofu" {*Slow rC+ Int+6 SInv}
 39096 | Swamp:2  | Found a runed translucent door.
 39101 | Swamp:2  | Identified the amulet of Wuuxoc Turph {Spirit rPois rC+
                  | Dex+5}
 39319 | Swamp:2  | Got Sif Muna's Almanac of the Lethal Entourage
 40326 | Swamp:3  | Identified the +5 chain mail of Hairiness {Int+2}
 40847 | Swamp:4  | Entered Level 4 of the Swamp
 41611 | Swamp:4  | Reached skill level 20 in Invocations
 42189 | Swamp:4  | Got a decaying rune of Zot
 42631 | Elf:1    | Entered Level 1 of the Elven Halls
 42781 | Elf:1    | Found Deidefot's Armour Shop.
 42806 | Elf:1    | Found Zietusee's Armour Boutique.
 42821 | Elf:1    | Reached skill level 1 in Spellcasting
 43085 | Elf:1    | Found a portal to a secret trove of treasure.
 43104 | Elf:1    | Found Kuss's Firing Range.
 43233 | Elf:1    | Reached XP level 20. HP: 139/156 MP: 34/34
 43784 | Orc:1    | Bought a manual of Transmutations for 1200 gold pieces
 43964 | Vaults:1 | Entered Level 1 of the Vaults
 44022 | Vaults:1 | Reached skill level 1 in Transmutations
 44061 | Vaults:1 | Reached skill level 5 in Transmutations
 44990 | Vaults:1 | Reached skill level 10 in Transmutations
 45358 | Vaults:1 | Reached ****** piety under Elyvilon
 46444 | Vaults:2 | Found a flickering gateway to a bazaar.
 46454 | Bazaar   | Entered a bazaar
 46454 | Bazaar   | Found Ichofien's Assorted Antiques.
 46454 | Bazaar   | Found Vuyj's Antique Armour Emporium.
 46472 | Bazaar   | Found Imummin's Antique Weapon Shoppe.
 46488 | Bazaar   | Found Etuzoonke's Distillery.
 46508 | Bazaar   | Bought a shiny helmet for 127 gold pieces
 46592 | Vaults:2 | HP: 4/157 [ironbound frostheart (8)]
 46679 | Vaults:2 | Paralysed by a sphinx for 3 turns
 47150 | Vaults:2 | Identified the +10 glaive of Paper {drain, Int+2}
 47472 | Vaults:2 | Reached XP level 21. HP: 90/164 MP: 35/35
 47478 | Vaults:2 | Learned a level 2 spell: Passwall
 47484 | Vaults:2 | Learned a level 5 spell: Alistair's Intoxication
 48358 | Vaults:2 | Reached skill level 5 in Spellcasting
 49295 | Vaults:3 | Found a staircase to the Crypt.
 49295 | Vaults:3 | Found an ancient bone altar of Kikubaaqudgha.
 49296 | Vaults:3 | Found a basalt altar of Yredelemnul.
 49386 | Vaults:3 | Reached skill level 1 in Poison Magic
 49600 | Vaults:3 | Found Ziunowar's General Store.
 49600 | Vaults:3 | Found Tuelirics's Antique Weapon Emporium.
 49684 | Vaults:3 | Found Decafar's Magic Scroll Emporium.
 49694 | Vaults:3 | Bought a scroll of blinking for 120 gold pieces
 50602 | Vaults:4 | Reached skill level 10 in Spellcasting
 50934 | Vaults:4 | Reached XP level 22. HP: 159/173 MP: 36/36
 51313 | Vaults:4 | Reached skill level 15 in Fighting
 51503 | Vaults:4 | HP: 2/175 [ironbound thunderhulk/bolt of lightning (38)]
 51509 | Vaults:4 | Elyvilon protects you from harm!
 51516 | Vaults:4 | HP: 6/175 [titan/bolt of lightning (24)]
 51519 | Vaults:4 | Killed from afar by a titan

Illustrated notes

Levels and vault maps discovered:
D:1:      arrival_aquarium_a, layout_loops_corners
D:2:      layout_basic, basic_altar, basic_ecumenical_altar,
          chequers_hall_statues_wall_a
D:3:      layout_rooms, tgw_fedhas
D:4:      layout_rooms, lemuel_round_altar, minmay_temple_entry_wispy,
          uniq_menkaure
D:5:      layout_loops_ring, nicolae_ru_path_of_blood, amcnicky_altar_gilded,
          cheibrodos_gnoll_hut, uniq_eustachio, uniq_edmund, uniq_grinder
D:6:      layout_basic, mainiacjoe_overflow_chevrons
D:7:      layout_loops_cross, enter_bailey_3, enter_ossuary_4, uniq_joseph
D:8:      minmay_bloctagon, layout_layer_cave, mainiacjoe_overflow_24_doors,
          nzn_wu_jian_council_hall, uniq_psyche, uniq_maurice
D:9:      layout_loops_corners, orc_0_dummy
D:10:     layout_rooms, kiku_gazebo_garden_becter, demons_altar,
          grunt_livestock, corexii_leaking_fountain, minmay_misc_feat_ornament,
          minmay_microvault
D:11:     layout_cave_pods, minmay_lair_entry_grove, nicolae_elemental_shop,
          minmay_statue_crystal_thing
D:12:     layout_basic, minivault_13
D:13:     layout_roguey, portal_ice_cave_entry_ice_simulacra,
          kennysheep_nondescript, okawaru_ov_weapons_minmay, uniq_snorg
D:14:     layout_cave_pools, david_vaults_2, minivault_23
D:15:     hangedman_depths_entry_try_elsewhere_first, layout_rooms,
          dk_noncrumbling_3
Temple:   cyrus_circular_temple
Lair:1:   layout_cave_pods
Lair:2:   gammafunk_cloud_chamber, layout_gridlike,
          nicolae_swamp_entry_splash_gauntlet, dummy_spider_entry, basic_altar,
          uniq_harold
Lair:3:   layout_regular_city, cheibrodos_lair_caveside_slide,
          grunt_megastairs_1
Lair:4:   layout_cave_pods, nicolae_quartered_pool_little, lemuel_fruit_tree
Lair:5:   layout_gridlike, slime_altar_1, grunt_megastairs_2
Lair:6:   evilmike_catoblepas_cave, layout_layer_cave, basic_altar,
          fungi_pond_lemuel, uniq_sonja
Swamp:1:  layout_basic_swamp, basic_altar, swamp_pool2
Swamp:2:  gammafunk_mikee_crab_dinner, layout_basic_swamp,
          evilmike_swamp_ruin_house_3, swamp_pool1, nicolae_swamp_fairy_circle,
          hangedman_swamp_lotus, hangedman_swamp_wriggling
Swamp:3:  layout_basic_swamp, evilmike_swamp_ruin_rubble_2
Swamp:4:  swamp_icy, layout_basic_swamp, swamp_pool2
Spider:1: layout_spider_delve, uniq_asterion
Spider:2: layout_cave_pods
Spider:3: layout_spider_delve
Spider:4: grunt_spider_rune_circles
Orc:1:    layout_caves, nicolae_alphabet_shops
Orc:2:    st_orc_pillars, layout_caves, serial_shops, shop_statue
Elf:1:    eino_elf_arrival_shootout, layout_onion_city, serial_shops, shop,
          nicolae_diamond_shop, nicolae_lakefront_shop, basic_altar,
          enter_trove_2, hangedman_elf_disciples, nicolae_shop_firing_range
Vaults:1: nicolae_vaults_yaktaur_gun_rack, nicolae_vaults_rhombus_7,
          hangedman_vaults_stagger, v_misc_15, vaults_room_hallway,
          ontoclasm_vaults_shuriken, nicolae_vaults_network_square,
          nicolae_vaults_little_ls, layout_vaults_quadrants
Vaults:2: vaults_mumra_bighexcomb, nicolae_vaults_network_star,
          nicolae_vaults_big_angled_halls, v_misc_1, v_pattern_5,
          vaults_dpeg_doors, nicolae_vaults_circle_grid_b,
          hangedman_vaults_stitches, v_misc_26, nicolae_vaults_little_squares_6,
          ontoclasm_vaults_pinch, nicolae_vaults_little_squares_6,
          layout_vaults_omnibox, serial_shops, bzr_entry_islet
Vaults:3: vaults_room_grid, minmay_crypt_entry_necro_gods, v_misc_12,
          ontoclasm_vaults_tryst, hangedman_vaults_hard_town_square, v_misc_3,
          vaults_room_hallway, ontoclasm_vaults_ligature,
          vaults_mumra_minichess_inversion, nicolae_vaults_ring_of_whatevers,
          layout_vaults_big_room
Vaults:4: v_misc_5, v_pattern_1, nicolae_vaults_murderbox,
          hangedman_vaults_locks, hangedman_vaults_trim, vaults_room_door_hall,
          vaults_dpeg_diagonal, hangedman_vaults_cutoff,
          grunt_vaults_hallway_short, vaults_mumra_chevron, vaults_dpeg_hooks,
          layout_vaults_maze_bifur, uniq_sojobo
Depths:1: layout_gridlike, hangedman_geh_valley, serial_shops,
          nicolae_shop_bloodbath_and_beyond,
          wheals_unrand_guarded_autumn_katana, uniq_bai_suzhen

Skill      XL: |  1  2  3  4  5  6  7  8  9 10 11 12 13 14 15 16 17 18 19 20 21 22 |
---------------+-------------------------------------------------------------------+-----
Long Blades    | 4 5 6 7 9 13 14 16 | 16.0
Fighting       | 4 5 6 7 8 10 11 13 14 15 | 15.4
Invocations    | 1 3 5 7 10 11 13 16 18 20 | 20.0
Armour         | 6 8 13 14 15 17 18 | 18.4
Dodging        | 7 10 | 10.4
Shields        | 4 |  4.0
Evocations     | 3 5 |  5.0
Throwing       | 5 12 | 12.2
Spellcasting   | 1 2 10 | 10.0
Transmutations | 13 | 13.6
Poison Magic   | 4 |  4.0

Action                   |  1- 3 |  4- 6 |  7- 9 | 10-12 | 13-15 | 16-18 | 19-21 | 22-24 || total
-------------------------+-------+-------+-------+-------+-------+-------+-------+-------++-------
Melee: Long sword        |    72 |   100 |   195 |   262 |       |       |       |       ||   629
       Scimitar          |       |       |       |   190 |       |       |       |       ||   190
       Katana            |       |       |       |     2 |  1132 |  1601 |  1635 |   145 ||  4515
       Double sword      |       |       |       |       |    79 |       |   201 |    20 ||   300
Throw: Throwing net      |       |       |       |       |       |    18 |     8 |       ||    26
       Dart              |       |       |       |       |       |     2 |       |       ||     2
       Boomerang         |       |       |       |       |       |    48 |    75 |    16 ||   139
       Javelin           |       |       |       |       |       |     3 |     3 |       ||     6
 Cast: Wereblood         |       |       |       |       |       |       |    19 |     4 ||    23
Invok: Heal Other        |       |       |     7 |     4 |    17 |     9 |     4 |       ||    41
       Heal Self         |       |       |     2 |     8 |    29 |    22 |    25 |    13 ||    99
       Purification      |       |       |       |       |     3 |     7 |     1 |     1 ||    12
Evoke: Wand              |       |       |       |     4 |     6 |    26 |    43 |     4 ||    83
       Tin of tremorston |       |       |       |     1 |     4 |     5 |     2 |       ||    12
  Use: Scroll            |     3 |    10 |     6 |     4 |    10 |     4 |    10 |       ||    47
       Potion            |     1 |       |     1 |       |     1 |     3 |     2 |     6 ||    14
 Stab: Distracted        |       |     2 |     2 |     1 |       |       |     1 |       ||     6
       Held in net/web   |       |       |       |       |       |     3 |     2 |       ||     5
       Paralysed         |       |       |       |       |       |       |     2 |       ||     2
       Confused          |       |       |       |       |       |       |     1 |       ||     1
Armor: Scale mail        |    15 |     8 |       |       |       |       |       |       ||    23
       Ring mail         |    12 |    29 |    82 |   140 |       |       |       |       ||   263
       Plate armour      |       |       |       |    37 |   302 |       |       |       ||   339
       Chain mail        |       |       |       |       |    20 |   851 |   218 |       ||  1089
       Ice dragon scales |       |       |       |       |       |       |   609 |   118 ||   727
Dodge: Dodged            |    30 |    50 |   165 |   309 |   527 |  1100 |   782 |   104 ||  3067
Block: Buckler           |    11 |    15 |    53 |    87 |   128 |   345 |   249 |    29 ||   917

Table legend: (Time is in decaauts)
 A = Elapsed time spent in this place.
 B = Non-inter-level travel time spent in this place.
 C = Inter-level travel time spent in this place.
 D = Time resting spent in this place.
 E = Time spent auto-exploring this place.
 F = Levels seen in this place.
 G = Mean time per level.
                   A        B        C        D        E       F      G
               +--------+--------+--------+--------+--------+-----+--------+
         Total |  50396 |  47940 |   2456 |  10158 |  28218 |  40 | 1259.9 |
       Dungeon |  15879 |  14497 |   1382 |   2153 |   9298 |  15 | 1058.6 |
        Temple |     51 |     43 |      8 |      0 |     31 |   1 |   51.0 |
          Lair |   7578 |   7141 |    437 |    284 |   5625 |   6 | 1263.0 |
         Swamp |   5652 |   5545 |    107 |   1202 |   3183 |   4 | 1413.0 |
   Spider Nest |   9893 |   9756 |    137 |   5301 |   2874 |   4 | 2473.2 |
  Orcish Mines |   2167 |   1945 |    222 |     69 |   1353 |   2 | 1083.5 |
   Elven Halls |   1076 |   1037 |     39 |    187 |    614 |   1 | 1076.0 |
        Vaults |   7055 |   6986 |     69 |    766 |   4728 |   4 | 1763.8 |
        Depths |    248 |    196 |     52 |     71 |     73 |   1 |  248.0 |
        Bazaar |     74 |     74 |      0 |      0 |     38 |   1 |   74.0 |
        Bailey |    718 |    718 |      0 |    124 |    399 |   1 |  718.0 |
               +--------+--------+--------+--------+--------+-----+--------+

Top non-repeatable levels by time:
Spider:2: 5047 daAuts
Vaults:1: 2608 daAuts
Spider:4: 2161 daAuts
Vaults:2: 2134 daAuts
    D:14: 1982 daAuts
  Lair:6: 1850 daAuts
 Swamp:2: 1688 daAuts
    D:11: 1658 daAuts
  Lair:2: 1610 daAuts
   Orc:2: 1591 daAuts
 Swamp:4: 1523 daAuts
Spider:3: 1425 daAuts
 Swamp:1: 1404 daAuts
Vaults:3: 1309 daAuts
Spider:1: 1258 daAuts
